Map: Dreamcatcher LE

Players

soul - Winner!

  • Race: Terran Terran
  • Spawn Location: 11:00

Has

  • Race: Protoss Protoss
  • League: Master
  • Spawn Location: 5:00

Event: WCS Austin 2018

VOD

Have the link to the VOD?

Description

Time

  • Played on: June 1, 2018, 10:01 p.m.
  • Length: 8:42

All games in this series

Show
View Real Time Build Order
Export as new Build Order

soul Terran - Winner!

Build Orders: MMM Bio 

Get SALT Encoding   

  12  0:00  SCV  
  13  0:12  SCV  
  14  0:18  Supply Depot  
  14  0:25  SCV  
  15  0:40  Barracks  
  15  0:42  SCV  
  16  0:47  Refinery  
  16  0:54  SCV  
  17  0:57  Refinery  
  17  1:06  SCV  
  18  1:18  SCV  
  19  1:27  Reaper  
  19  1:30  Orbital Command  
  20  1:48  Factory  
  20  1:56  SCV  
  21  2:06  Supply Depot  
  21  2:08  SCV  
  22  2:20  SCV  
  22  2:28  Command Center  
  22  2:32  SCV  
  22  2:33  Factory Reactor  
  23  2:39  Starport  
  23  2:44  SCV  
  24  2:51  Supply Depot  
  24  2:56  SCV  
  25  3:09  Cyclone x2  
  31  3:18  Viking  
  33  3:25  SCV  
  35  3:37  SCV  
  35  3:38  Barracks  
  35  3:40  Orbital Command  
  35  3:45  Marine x2  
  37  3:51  Factory Tech Lab  
  37  3:53  SCV  
  38  4:03  Marine x2  
  38  4:07  Viking  
  38  4:08  SCV  
  40  4:21  Marine x2, Siege Tank  
  44  4:25  Orbital Command  
  44  4:26  Barracks Tech Lab  
  44  4:29  SCV  
  44  4:39  Medivac, Marine x2  
  44  4:41  Bunker, SCV  
  49  4:52  SCV  
  50  4:53  SCV  
  50  4:55  Stimpack, Marine  
  50  4:57  Marine  
  53  5:04  SCV  
  53  5:06  Supply Depot  
  54  5:10  SCV, Factory Reactor  
  54  5:13  Supply Depot  
  55  5:16  SCV  
  55  5:18  Marine  
  55  5:21  Marine  
  56  5:22  Marine, SCV  
  56  5:25  Starport Reactor  
  58  5:28  SCV  
  58  5:34  Barracks  
  58  5:35  Refinery, Marine  
  59  5:39  Marine, SCV  
  59  5:40  SCV  
  62  5:45  Engineering Bay  
  62  5:49  Supply Depot  
  62  5:53  Marine x2  
  62  5:55  SCV  
  62  5:56  Marine  
  66  6:04  Medivac  
  66  6:05  SCV  
  66  6:08  Factory Tech Lab  
  66  6:11  Marine x2  
  70  6:14  Marine  
  72  6:21  SCV  
  72  6:24  Combat Shields  
  73  6:25  Marauder  
  73  6:28  Marine  
  73  6:29  Refinery, Marine  
  73  6:32  Marine  
  76  6:34  Terran Infantry Weapons Level 1  
  76  6:36  Supply Depot  
  76  6:39  Supply Depot  
  76  6:43  Siege Tank  
  76  6:46  Marine, SCV  
  84  6:47  Marauder, Marine, SCV  
  84  6:50  Marine  
  86  6:56  Concussive Shells  
  86  6:58  Missile Turret  
  86  7:03  SCV  
  86  7:04  SCV  
  86  7:08  Marine  
  91  7:12  Command Center  
  91  7:13  Supply Depot  
  91  7:14  Marauder, Supply Depot  
  91  7:16  SCV x2  
  93  7:23  Marauder, Marine  
  93  7:28  SCV x2  
  98  7:31  Marine  
  98  7:35  Marine  
  100  7:39  Medivac x2  
  100  7:40  SCV x2  
  100  7:41  Marine  
  107  7:45  Marauder  
  107  7:49  Marine  
  110  7:52  Barracks  
  110  7:53  Marauder, Barracks  
  110  7:57  SCV  
  113  8:02  Supply Depot  
  113  8:03  Supply Depot  
  113  8:06  SCV  
  113  8:08  Marine  
  113  8:09  Marauder  
  117  8:15  SCV  
  117  8:18  Marine  
  118  8:26  SCV  
Show
View Real Time Build Order
Export as new Build Order

Has Protoss 

Build Orders:  

Get SALT Encoding   

  12  0:08  Pylon  
  12  0:12  Probe  
  13  0:27  Gateway  
  13  0:30  Probe  
  14  0:42  Probe  
  15  0:44  Assimilator  
  15  0:48  Assimilator  
  15  0:54  Probe  
  16  1:02  Pylon  
  16  1:14  Cybernetics Core  
  16  1:16  Probe  
  17  1:28  Probe  
  18  1:40  Probe  
  18  1:41  Stalker  
  19  1:52  Warp Gate  
  21  1:57  Probe  
  22  2:09  Probe  
  22  2:11  Stalker  
  25  2:28  Robotics Facility  
  25  2:29  Probe  
  24  2:41  Probe  
  24  2:43  Stalker  
  27  2:53  Probe  
  28  3:00  Pylon  
  28  3:03  Warp Prism  
  30  3:31  Nexus  
  30  3:32  Observer  
  31  3:41  Pylon  
  31  3:42  Probe  
  31  3:47  Observer  
  32  3:55  Stalker  
  35  4:02  Gateway  
  35  4:08  Probe  
  34  4:20  Probe  
  34  4:22  Warp Prism  
  35  4:29  Robotics Bay  
  35  4:35  Probe  
  38  4:47  Probe  
  37  4:56  Probe  
  37  4:57  Stalker  
  37  4:59  Probe  
  41  5:04  Probe  
  41  5:07  Twilight Council  
  41  5:10  Disruptor  
  41  5:11  Probe  
  41  5:14  Probe  
  43  5:20  Observer  
  47  5:24  Probe  
  47  5:26  Probe  
  49  5:35  Pylon  
  49  5:36  Probe  
  51  5:45  Pylon  
  52  5:53  Pylon  
  44  6:00  Stalker  
  43  6:06  Gravitic Drive  
  43  6:14  Probe x2  
  43  6:22  Blink  
  43  6:24  Warp Prism  
  43  6:26  Probe  
  43  6:27  Probe  
  43  6:29  Pylon  
  45  6:35  Pylon  
  45  6:39  Probe x2  
  49  6:48  Stalker  
  49  6:51  Disruptor, Probe x2  
  53  7:03  Probe  
  58  7:10  Gateway  
  58  7:12  Probe  
  58  7:14  Gateway  
  58  7:17  Probe  
  58  7:21  Pylon  
  59  7:26  Probe  
  59  7:29  Observer  
  60  7:31  Observer  
  60  7:33  Probe  
  61  7:37  Stalker x2  
  61  7:41  Probe  
  66  7:47  Colossus, Pylon  
  66  7:50  Pylon  
  67  7:51  Probe  
  67  7:53  Probe  
  74  8:01  Shield Battery  
  74  8:02  Shield Battery  
  74  8:23  Probe x2  
Tags
 
Add a new tag
Caveats
  • Supply blocks, unpowered buildings, or Contaminate may cause inaccurate times.
  • Supply counts are checked every 10 seconds.